AoeStats
← Adams1491

African Clearing

510713000Analyzed
4v4 RM · 5h ago on Oct 2, 2026· 39m 10s· 8 players
Game mode
Random Map
Map size
Large (8 player)
Population
200
Speed
Normal
Resources
Standard
Victory
Conquest
Starting age
Dark Age
Ending age
Imperial Age
RankedLock teamsTeams togetherTeam positionsShared explorationLock speedFull tech treeHidden civsTurbo modeCheats
Victory
Defeat
🇨🇳 Varangians · China
1381
+15
🇹🇼 Mongols · Taiwan
1370
+15
🇹🇼 Varangians · Taiwan
1370
+15
🇨🇳 Mongols · China
1387
-17
🇨🇳 Sicilians · China
1364
-16
1354
-15
🇨🇳 Koreans · China
1290
-13
小天
9:28 Loom
11:50 Feudal Age
14:11 Fletching
23:38 Castle Age
22:53 Gold Mining
22:51 Double-Bit Axe
23:39 Crossbowman
25:57 Thumb Ring
29:41 Bodkin Arrow
余念
13:58 Feudal Age
18:25 Castle Age
16:28 Loom
20:13 Fletching
22:29 Bodkin Arrow
22:55 Gold Mining
26:27 Double-Bit Axe
27:27 Padded Archer Armor
32:15 Horse Collar
37:00 Imperial Age
35:04 Stone Mining
36:30 Gold Shaft Mining
37:45 Bracer
38:01 Leather Archer Armor
39:11 Wheelbarrow
39:38 Conscription
米德维奇小学副校长
3:02 Loom
12:30 Feudal Age
13:39 Double-Bit Axe
16:26 Castle Age
17:34 Fletching
18:16 Bow Saw
18:43 Wheelbarrow
20:16 Horse Collar
25:43 Heavy Plow
28:20 Bodkin Arrow
28:26 Padded Archer Armor
29:26 Hand Cart
37:41 Imperial Age
36:29 Stone Mining
陌陌伽
10:00 Loom
12:35 Feudal Age
12:49 Man-at-Arms
14:50 Arson
14:53 Double-Bit Axe
20:31 Fletching
20:43 Scale Mail Armor
24:55 Forging
30:19 Castle Age
32:34 Horse Collar
37:54 Bow Saw
39:01 Wheelbarrow
Adams1491
6:04 Loom
13:46 Feudal Age
18:03 Castle Age
16:08 Double-Bit Axe
19:28 Wheelbarrow
19:39 Fishing Lines
21:46 Stone Mining
23:04 Bow Saw
25:36 Gold Mining
27:49 Scale Barding Armor
28:53 Bloodlines
28:56 Horse Collar
30:38 Chain Barding Armor
31:56 Forging
33:17 Iron Casting
33:26 Hand Cart
32:56 Town Watch
38:10 Imperial Age
35:53 Vendel Legacy
36:36 Husbandry
39:29 Plate Barding Armor
38:19 Elite Jarl
39:23 Conscription
40:38 Blast Furnace
thomas89671173
10:05 Loom
12:06 Feudal Age
14:30 Scale Barding Armor
16:33 Double-Bit Axe
19:08 Wheelbarrow
18:58 Forging
23:35 Castle Age
21:26 Horse Collar
22:29 Bloodlines
23:50 Fletching
27:00 Gold Mining
16岁少女在公交车上被11个大汉轮流让座
4:57 Loom
13:33 Feudal Age
17:54 Castle Age
19:44 Wheelbarrow
23:55 Fletching
29:02 Double-Bit Axe
29:17 Horse Collar
32:28 Bow Saw
36:35 Scale Mail Armor
37:52 Heavy Plow
2987052186
5:36 Loom
14:08 Feudal Age
17:06 Bloodlines
18:58 Castle Age
18:38 Scale Barding Armor
25:43 Chain Barding Armor
30:13 Wheelbarrow
36:41 Forging
36:49 Double-Bit Axe
36:52 Horse Collar
Connection lost

Rejoining the realm…

Still unreachable

The connection could not be restored.

Session expired

The server has moved on; the page needs a fresh start.